 Dungeon Crawl Stone Soup version 0.30.0-29-ga12c61a403 (webtiles) character file.

Game seed: 3652432309427426719

198 Bnni the Digger (level 6, -3/42 (44) HPs)
             Began as a Formicid Earth Elementalist on June 5, 2023.
             Slain by an orc
             ... wielding a +0 morningstar
              (11 damage)
             ... on level 5 of the Dungeon.
             The game lasted 00:08:45 (3839 turns).

Bnni the Digger (Formicid Earth Elementalist)       Turns: 3839, Time: 00:08:45

HP:   -3/42 (44)    AC:  2    Str: 13    XL:     6   Next: 5%
MP:   0/10          EV: 12    Int: 16    God:
Gold: 144           SH:  0    Dex: 14    Spells: 1/11 levels left

rFire   . . .        f - +0 short sword
rCold   . . .        (no shield)
rNeg    . . .        a - +0 robe
rPois   .            (helmet unavailable)
rElec   .            (no cloak)
rCorr   .            (no gloves)
SInv    +            (no boots)
Will    .....        (no amulet)
Stlth   ++           (no ring)
HPRegen 0.27/turn    (no ring)
MPRegen 0.12/turn

%: no passive effects
@: lightly drained
A: permanent stasis, dig shafts and tunnels, antennae 3, four strong arms
a: Dig, Shaft Self


You were on level 5 of the Dungeon.
You visited 1 branch of the dungeon, and saw 5 of its levels.

You collected 256 gold pieces.
You spent 112 gold pieces at shops.

Inventory:

Hand Weapons
 f - a +0 short sword (weapon)
Missiles
 t - 2 boomerangs of dispersal
Armour
 a - a +0 robe (worn)
 j - a +0 ring mail
 n - a +0 scale mail
 p - a +0 chain mail
Scrolls
 c - a scroll of amnesia
 g - 2 scrolls of enchant armour
 i - 2 scrolls of magic mapping
 k - 2 scrolls of enchant weapon
 l - 2 scrolls of fear
Potions
 b - 2 potions of magic
 d - a potion of haste {unknown}
 e - a potion of attraction {unknown}
 h - 3 potions of lignification {unknown}
 m - 2 potions of ambrosia {unknown}
 o - a potion of mutation
 q - 2 potions of resistance {unknown}
 r - 4 potions of heal wounds
 s - a potion of curing
 u - a potion of might {unknown}
 v - a potion of invisibility {unknown}


   Skills:
 + Level 1.9 Fighting
 - Level 2.0 Dodging
 - Level 2.8 Stealth
 + Level 3.1 Spellcasting
 * Level 1.1 Conjurations
 * Level 2.8 Transmutations
 * Level 4.9 Earth Magic


You had one spell level left.
You knew the following spells:

 Your Spells              Type           Power      Damage    Failure   Level
a - Sandblast             Erth           36%        2d10      2%          1
b - Passwall              Tmut/Erth      12%        N/A       5%          2
c - Stone Arrow           Conj/Erth      24%        3d8       16%         3
d - Petrify               Tmut/Erth      15%        N/A       36%         4

Your spell library contained the following spells:

 Spells                   Type           Power      Damage    Failure   Level
 Necrotise                Necr           8%         1d4       19%         1
 Cigotuvi's Dreadful Rot  Necr/Pois/Air  4%         N/A       28%         2
 Inner Flame              Hex/Fire       2%         N/A       50%         3
 Ozocubu's Armour         Ice            2%         N/A       50%         3
 Vampiric Draining        Necr           2%         2d6       50%         3
 Flame Wave               Conj/Fire      4%         2d5       82%         4
 Sticky Flame             Conj/Fire      4%         2d3       82%         4
 Dispel Undead            Necr           2%         3d7       88%         4
 Agony                    Necr           2%         N/A       99%         5
 Death Channel            Necr           1%         N/A       100%        6
 Ozocubu's Refrigeration  Ice            1%         4d7       100%        7


Dungeon Overview and Level Annotations

Branches:
Dungeon (5/15)
 Temple: D:4-7

Altars:
Elyvilon
The Shining One

Shops:
D:1 [:[   D:2 !   D:3 [


Innate Abilities, Weirdness & Mutations

You cannot be hasted, slowed, berserked, paralysed or teleported.
You can dig through walls and to a lower floor.
You have a pair of large antennae on your head. (SInv)
Your four strong arms can wield two-handed weapons with a shield.


Message History

* * * LOW HITPOINT WARNING * * *
The orc hits you with a +0 short sword.
* * * LOW HITPOINT WARNING * * *
You extend your mandibles.
You dig through the rock wall.
You feel drained.
You dig through the rock wall.
You feel drained.
Aiming: Sandblast (safe; 2% risk of failure)
Press: ? - help, Q - select action, (/) - cycle Shift-Dir - straight line, f/p - orc wizard
Aim: an orc wizard, wielding a +0 dagger and wearing a +2 robe of resistance (moderately wounded, slightly transparent, 77% to hit)
The blast of sand hits the orc!
You kill the orc!
Aiming: Sandblast (safe; 2% risk of failure)
Press: ? - help, Q - select action, (/) - cycle Shift-Dir - straight line, f - orc
Aim: an orc, wielding a +0 dagger (heavily wounded, 82% to hit)
The blast of sand hits the orc!
You kill the orc!
Your Conjurations skill increases to level 1!
Aiming: Sandblast (safe; 2% risk of failure)
Press: ? - help, Q - select action, (/) - cycle Shift-Dir - straight line, f - orc wizard
Aim: an orc wizard, wielding a +0 dagger and wearing a +2 robe of resistance (moderately wounded, slightly transparent, 77% to hit)
The blast of sand hits the orc wizard.
The orc wizard is heavily wounded.
The orc wizard hits you with a +0 dagger.
* * * LOW HITPOINT WARNING * * *
Aiming: Sandblast (safe; 2% risk of failure)
Press: ? - help, Q - select action, (/) - cycle Shift-Dir - straight line, f/p - orc wizard
Aim: an orc wizard, wielding a +0 dagger and wearing a +2 robe of resistance (heavily wounded, slightly transparent, 77% to hit)
The blast of sand misses the orc wizard.
The orc wizard closely misses you.
Aiming: Sandblast (safe; 2% risk of failure)
Press: ? - help, Q - select action, (/) - cycle Shift-Dir - straight line, f/p - orc wizard
Aim: an orc wizard, wielding a +0 dagger and wearing a +2 robe of resistance (heavily wounded, slightly transparent, 77% to hit)
The blast of sand hits the orc wizard!
You kill the orc wizard!
The orc closely misses you.
You have reached level 6!
You retract your mandibles.
You hit the orc.
The orc is moderately wounded.
The orc hits you with a +0 morningstar!
You die...

####+####### .# .
...........#######.###.
.........#.............
.....)...#<.........#
.........#..........#
.....#####.....o....#
...## #.....o.)..# ..
########o### . #@## ###


You could see an orc.

Vanquished Creatures
  An iguana (D:4)
  An orc wizard (D:5)
  3 adders
  A white imp (D:4)
  2 ufetubi (D:4)
  A dart slug (D:3)
  9 orcs
  11 ball pythons
  6 endoplasms
  4 giant cockroaches
  10 goblins
  5 hobgoblins
  6 jackals
  A quokka (D:3)
  5 bats
  5 frilled lizards
  A goblin zombie (D:4)
  3 hobgoblin zombies (D:4)
  5 kobolds
  3 kobold skeletons (D:4)
  2 kobold zombies (D:4)
  An orc skeleton (D:4)
  6 rats
92 creatures vanquished.

Notes
Turn   | Place    | Note
-------+----------+-------------------------------------------
     0 | D:1      | Bnni the Formicid Earth Elementalist began the quest for
                  | the Orb.
     0 | D:1      | Reached XP level 1. HP: 13/13 MP: 3/3
   181 | D:1      | Found Naomm's Antique Armour Shop.
   188 | D:1      | Reached XP level 2. HP: 17/18 MP: 1/5
   252 | D:1      | Found Wicsidd's Book Shoppe.
   319 | D:1      | Learned a level 2 spell: Passwall
   599 | D:1      | Reached XP level 3. HP: 24/24 MP: 4/6
   653 | D:1      | Found Zoxkac's Antique Armour Emporium.
   977 | D:2      | Reached skill level 4 in Earth Magic
  1375 | D:2      | Found Xaurhuo's Distillery.
  1785 | D:2      | Bought a potion of heal wounds for 70 gold pieces
  1785 | D:2      | Bought a potion of curing for 42 gold pieces
  1815 | D:3      | Noticed an animated plate armour
  1815 | D:3      | Found Caatugiry's Armour Emporium.
  1816 | D:3      | Noticed an animated gold dragon scales
  1859 | D:3      | Reached XP level 4. HP: 31/31 MP: 4/8
  1971 | D:3      | Learned a level 3 spell: Stone Arrow
  1988 | D:3      | Reached skill level 1 in Fighting
  2233 | D:3      | Found a white marble altar of Elyvilon.
  2825 | D:4      | Found a glowing golden altar of the Shining One.
  2838 | D:4      | Reached XP level 5. HP: 31/37 MP: 0/9
  3075 | D:4      | Learned a level 4 spell: Petrify
  3680 | D:5      | Entered Level 5 of the Dungeon
  3701 | D:5      | Noticed an orc warrior
  3707 | D:5      | Noticed a water moccasin
  3836 | D:5      | Reached skill level 1 in Conjurations
  3839 | D:5      | Reached XP level 6. HP: 8/42 MP: 0/10
  3839 | D:5      | Slain by an orc

Illustrated notes

Levels and vault maps discovered:
D:1:      spicycebolla_arrival_risky_transporter, layout_basic, serial_glass,
          glass_columns_a, glass_columns_a, due_unseen_surprise,
          minmay_strange_pillars, item_on_display_a, serial_shops, shop,
          nicolae_lakefront_shop, shop, hex_tiny, minmay_close_crescents
D:2:      layout_basic, serial_rivers, chequers_serial_rivers_small_b,
          chequers_serial_rivers_micro_d, chequers_serial_rivers_marsh,
          chequers_serial_rivers_micro_d, chequers_serial_rivers_small_b,
          chequers_serial_rivers_small_b, serial_shops, nicolae_shop_peninsula,
          minivault_14, wad_floor_pattern_1
D:3:      layout_loops_ring, elyvilon_altar_5, serial_shops,
          nicolae_shop_mannequins, kennysheep_boxes
D:4:      layout_cave_pools, nicolae_tso_besieged_by_evil,
          nicolae_underground_beach
D:5:      layout_basic, grunt_temple_overflow_magic_moments, lemuel_round_altar,
          temple_doors_e, supply_closet_lemuel, minmay_misc_feat_cross,
          kennysheep_generic_room_14

Skill      XL: |  1  2  3  4  5 |
---------------+----------------+-----
Dodging        | 2 |  2.0
Earth Magic    | 4 |  4.9
Transmutations | 2 |  2.8
Fighting       | 1 |  1.9
Spellcasting   | 3 |  3.1
Conjurations   | 1 |  1.1
Stealth        | |  2.8

Action                     |  1- 3 |  4- 6 || total
---------------------------+-------+-------++-------
  Melee: Short sword       |    32 |    21 ||    53
         Punch             |     1 |       ||     1
   Cast: Sandblast         |    49 |    91 ||   140
         Passwall          |     2 |       ||     2
Ability: Dig               |     1 |     1 ||     2
    Use: Scroll            |     4 |     4 ||     8
 Armour: Robe              |    12 |    14 ||    26
  Dodge: Dodged            |    53 |    68 ||   121
